 Dungeon Crawl Stone Soup version 0.32-a0-612-g1c984fe9d1 (webtiles) character file.

Game seed: 512482792060723042

504 retardedninja the Trooper (level 6, 0/57 HPs)
             Began as a Mountain Dwarf Fighter on Mar 4, 2024.
             Slain by an adder (1 damage)
             ... in a sewer.
             The game lasted 00:07:26 (3143 turns).

retardedninja the Trooper (Mountain Dwarf Fighter)  Turns: 3143, Time: 00:07:27

Health: 0/57       AC:  7    Str: 20    XL:     6   Next: 96%
Magic:  6/6        EV:  0    Int:  9    God:
Gold:   226        SH:  4    Dex:  9    Spells: 5/5 levels left

rFire   . . .        a - +0 war axe
rCold   . . .        c - +0 buckler
rNeg    . . .        b - +0 scale mail
rPois   .            (no helmet)
rElec   .            (no cloak)
rCorr   .            (no gloves)
SInv    .            (no boots)
Will    +....        (no amulet) Stlth
                     (no ring)
HPRegen 0.29/turn    (no ring)
MPRegen 0.10/turn

%: no passive effects
@: mighty, enlightened, flying, hasted, constricted, very quick
A: runic magic, artefact enchanting
a: no special abilities


You were in a sewer.
You visited 2 branches of the dungeon, and saw 5 of its levels.
You also visited: Sewer.

You collected 226 gold pieces.

Inventory:

Hand Weapons
 a - a +0 war axe (weapon)
Armour
 b - a +0 scale mail (worn)
 c - a +0 buckler (worn)
Talismans
 f - a blade talisman
Scrolls
 g - a scroll of noise {unknown}
 h - 2 scrolls of brand weapon {unknown}
 j - a scroll of vulnerability {unknown}
 k - 3 scrolls of teleportation {unknown}
 l - a scroll of identify {unknown}
 m - a scroll of blinking
 n - a scroll of silence {unknown}
 p - a scroll of poison {unknown}
 q - a scroll of fog {unknown}


   Skills:
 * Level 5.6 Fighting
 * Level 5.5 Axes
 + Level 4.5 Armour
 + Level 4.7 Shields


You had 5 spell levels left.
You didn't know any spells.
Your spell library contained the following spells:

 Spells                   Type           Power      Damage    Failure   Level
 Dazzling Flash           Conj/Hex       0%         N/A       88%         3
 Tukima's Dance           Hex            0%         N/A       88%         3
 Volatile Blastmotes      Fire/Tloc      0%         2d10      88%         3
 Passage of Golubria      Tloc           0%         N/A       99%         4
 Yara's Violent Unravell  Hex/Alch       0%         3d3       100%        5
 Starburst                Conj/Fire      0%         6d3       100%        6
 Maxwell's Capacitive Co  Air            0%         ∞         100%        8


Dungeon Overview and Level Annotations

Branches:
Dungeon (4/15)             Temple (1/1) D:4           Sewer (1/1)

Altars:
Ashenzari
Cheibriados
Hepliaklqana
Nemelex Xobeh
Ru
Sif Muna
Trog
Uskayaw
Wu Jian
Xom
Yredelemnul
The Shining One

Annotations:
D:3 1 runed translucent door, Crazy Yiuf


Innate Abilities, Weirdness & Mutations

Your spellcasting is much less encumbered by armour.
You can use scrolls of enchantment on lesser artefacts.


Message History

The adder bites you but does no damage. The adder completely misses you.
The bullfrog hits you. The adder barely misses you.
Unknown command.
Your unstable footing causes you to fumble your attack.
You feel sick.
The ball python bites you but does no damage.
The ball python grabs you. The ball python constricts you. The adder bites you.
The bullfrog hits you but does no damage.
The dart slug briefly extends its eye-stalks.
The adder bites you but does no damage. You block the ball python's attack.
The ball python constricts you.
It was a potion of haste.
You feel yourself speed up.
You feel sick. The bullfrog hits you!
* * * LOW HITPOINT WARNING * * *
The adder bites you.
* * * LOW HITPOINT WARNING * * *
You are more poisoned.
The adder poisons you! The adder bites you but does no damage.
You block the ball python's attack. The ball python constricts you.
* * * LOW HITPOINT WARNING * * *
You block the bullfrog's attack. The adder bites you but does no damage.
It was a potion of curing.
You feel better. The adder bites you but does no damage. The bullfrog hits you.
* * * LOW HITPOINT WARNING * * *
The ball python bites you.
* * * LOW HITPOINT WARNING * * *
The ball python constricts you.
* * * LOW HITPOINT WARNING * * *
The adder bites you but does no damage.
It was a potion of enlightenment.
You feel very buoyant.
You fly up into the air.
You block the adder's attack. The bullfrog hits you.
* * * LOW HITPOINT WARNING * * *
The ball python bites you but does no damage.
The ball python constricts you.
You feel very mighty all of a sudden. The adder bites you.
* * * LOW HITPOINT WARNING * * *
The adder bites you.
You die...

###.∩...~~.~~††~.~#
#~...~#########~~~#
∩..####~~†~~~~~~~.####
####~~.~#####~~...#~.##
#~~~.~~~#~∩~#######..~####
.~~~~####~~~~~~..#.~.~~~~##
~~.###~.~~~~.~...##~~#~~~~##
~~##.~~~~#######~.#.~##~.~.#
~##~~~~### #@S##.~##~~~##
~#.~†~##
≈~~~~wSSF~#~~~#.~.~# ##~~~##
~~~~~~.w~~#.†~##~.~## #~~~~#
~~~~~$~~~.#~.~~#~~~.# #..††#
~~~.?$?..~#.~~.#~~.∩# #..~~#
~..)/?.~~≈#~~.~#~~~.#
##~~†##
≈.~~...~≈##.~.##..~##
~#~~~~##
≈≈≈~~.≈≈##.~~~#.~~~#
~##~~~†### ###.~~~##~.~##


You could see a bullfrog, 2 adders, 2 dart slugs and a ball python.

Vanquished Creatures
  Duvessa (D:4)
  A black bear (D:4)
  A bullfrog (Sewer)
  Dowan (D:4)
  Jessica (D:3)
  5 adders
  7 dart slugs
  2 orcs (D:3)
  7 bats
  19 endoplasms
  13 giant cockroaches
  7 goblins
  8 hobgoblins
  3 kobolds
  4 quokkas
  16 ball pythons
  13 frilled lizards
  2 rats
111 creatures vanquished.

Notes
Turn   | Place    | Note
-------+----------+-------------------------------------------
     0 | D:1      | retardedninja the Mountain Dwarf Fighter began the quest
                  | for the Orb.
     0 | D:1      | Reached XP level 1. HP: 19/19 MP: 1/1
   172 | D:1      | Reached XP level 2. HP: 24/26 MP: 2/2
   981 | D:2      | Reached XP level 3. HP: 31/33 MP: 3/3
  1704 | D:3      | Reached XP level 4. HP: 40/40 MP: 4/4
  1777 | D:3      | Noticed Jessica
  1800 | D:3      | Killed Jessica
  2293 | D:3      | Found a runed translucent door.
  2294 | D:3      | Noticed Crazy Yiuf
  2570 | D:4      | Found a staircase to the Ecumenical Temple.
  2571 | D:4      | Noticed a black bear
  2578 | D:4      | Killed a black bear
  2579 | D:4      | Reached XP level 5. HP: 43/47 MP: 5/5
  2587 | Temple   | Entered the Ecumenical Temple
  2599 | D:4      | Noticed Duvessa
  2599 | D:4      | Noticed Dowan
  2604 | D:4      | Killed Duvessa
  2605 | D:4      | Reached skill level 5 in Fighting
  2605 | D:4      | Reached skill level 5 in Axes
  2605 | D:4      | Reached XP level 6. HP: 56/56 MP: 6/6
  2608 | D:4      | Killed Dowan
  2684 | D:4      | Found a glowing drain.
  2695 | Sewer    | Entered a sewer
  3143 | Sewer    | HP: 1/57 [adder (2)]
  3143 | Sewer    | Slain by an adder

Illustrated notes

Levels and vault maps discovered:
D:1:      giann_forest_graveyard, layout_basic
D:2:      minmay_angry_zag, layout_basic, serial_glass, glass_columns_a,
          glass_columns_a, glass_columns_a, glass_columns_c
D:3:      layout_loops_cross, serial_rivers, chequers_serial_rivers_small_b,
          chequers_serial_rivers_micro_d, chequers_serial_rivers_small_a,
          chequers_serial_rivers_room_a, chequers_serial_rivers_marsh,
          chequers_serial_rivers_micro_b, uniq_jessica, uniq_crazy_yiuf_cottage
D:4:      layout_basic, minmay_temple_entry_large_hall,
          cheibrodos_sewer_entry_sluice, uniq_duvessa
Temple:   hellmonk_temple_two_chambers
Sewer:    sewer_frog_island_02

Skill      XL: |  1  2  3  4  5 |
---------------+----------------+-----
Axes           | 3 4 5 |  5.5
Fighting       | 4 5 |  5.6
Shields        | 4 |  4.7
Armour         | 4 |  4.5

Action                     |  1- 3 |  4- 6 || total
---------------------------+-------+-------++-------
  Melee: War axe           |   127 |   182 ||   309
    Use: Potion            |       |     6 ||     6
 Armour: Scale mail        |   112 |   195 ||   307
  Dodge: Dodged            |    72 |    81 ||   153
  Block: Buckler           |    30 |    52 ||    82

Table legend: (Time is in decaauts)
 A = Elapsed time spent in this place.
 B = Non-inter-level travel time spent in this place.
 C = Inter-level travel time spent in this place.
 D = Time resting spent in this place.
 E = Time spent auto-exploring this place.
 F = Levels seen in this place.
 G = Mean time per level.
                   A        B        C        D        E       F      G
               +--------+--------+--------+--------+--------+-----+--------+
         Total |   3310 |   3211 |     99 |     24 |   2375 |   6 |  551.7 |
       Dungeon |   2775 |   2676 |     99 |     24 |   2087 |   4 |  693.8 |
        Temple |      1 |      1 |      0 |      0 |      0 |   1 |    1.0 |
         Sewer |    533 |    533 |      0 |      0 |    288 |   1 |  533.0 |
               +--------+--------+--------+--------+--------+-----+--------+

Top non-repeatable levels by time:
     D:3: 949 daAuts
     D:1: 936 daAuts
     D:2: 736 daAuts
   Sewer: 533 daAuts
     D:4: 152 daAuts
  Temple: 1 daAuts
